 Dungeon Crawl Stone Soup version 0.19-a0-1875-g4fea3da (webtiles) character file.

127435 Ijustatesigmund the Fighter (level 17, 0/126 HPs)
             Began as a Halfling Fighter on Oct 12, 2016.
             Was a High Priest of Ashenzari.
             Killed by divine providence
             ... invoked by a daeva
              (14 damage)
             ... on level 3 of the Abyss on Oct 13, 2016.
             The game lasted 01:56:54 (24620 turns).

Ijustatesigmund the Fighter (Halfling Fighter)     Turns: 24620, Time: 01:56:54

Health: 0/126      AC: 44    Str: 22    XL:     17   Next: 56%
Magic:  13/13      EV: 24    Int: 10    God:    Ashenzari [*****.]
Gold:   796        SH: 18    Dex: 21    Spells: 0 memorised, 16 levels left

rFire  + . .     SeeInvis +     H - +4 demon blade (venom) (curse)
rCold  . . .     Gourm    .     A - +27 Lear's hauberk (curse)
rNeg   . . .     Faith    .     t - +3 warlock's mirror {reflect} (curse)
rPois  .         Spirit   .     (helmet currently unavailable)
rElec  +         Dismiss  .     B - +2 cloak (curse)
rCorr  .         Reflect  +     (gloves currently unavailable)
MR     +....     Harm     .     (boots currently unavailable)
Stlth  +......... Clarity  +    v - amulet of Circularity {Reflect rElec MP-9 Str+5 Int+4 SH+6}
                                X - ring of protection from fire
                                Y - +3 ring of evasion

@: about to teleport, glowing, studying Ice Magic
A: mutation resistance 1
a: Curse Item, Scrying, Transfer Knowledge, Renounce Religion


You were on level 3 of the Abyss.
You worshipped Ashenzari.
Ashenzari was extremely pleased with you.
You were not hungry.

You visited 5 branches of the dungeon, and saw 23 of its levels.
You visited the Abyss 1 time.
You also visited: Ice Cave.

You collected 3174 gold pieces.
You spent 2378 gold pieces at shops.

Inventory:

Hand Weapons
 a - a +3 rapier
 H - a cursed +4 demon blade of venom (weapon)
Missiles
 d - 8 throwing nets
 N - 60 tomahawks (quivered)
Armour
 t - the cursed +3 warlock's mirror (worn) {reflect}
   (You bought it in a shop on level 2 of the Orcish Mines)

   It has a curse placed upon it.
 A - the cursed +27 Lear's hauberk (worn)
   (You bought it in a shop on level 2 of the Orcish Mines)

   It has a curse placed upon it.
 B - a cursed +2 cloak (worn)
Rods
 j - a +1 iron rod (11/11)
   (You found it on level 1 of the Lair of Beasts)
Jewellery
 g - the amulet of the Four Winds {rN+ MR+++ Clar}
   (You found it in an ice cave)

   [amulet of nothing]

   It protects you from negative energy.
   It affects your resistance to hostile enchantments.
   It protects you against confusion.
 l - an uncursed ring of ice
 v - the amulet of Circularity (around neck) {Reflect rElec MP-9 Str+5 Int+4 SH+6}
   (You found it on level 12 of the Dungeon)

   [amulet of reflection]

   It shields you and reflects attacks.
   It affects your strength (+5).
   It affects your intelligence (+4).
   It insulates you from electricity.
   It affects your magic capacity (-9).
   It affects your SH (+6).
 C - an uncursed amulet of regeneration
 G - an uncursed ring of resist corrosion
 X - a ring of protection from fire (right hand)
 Y - a +3 ring of evasion (left hand)
Wands
 c - a wand of lightning (3/15)
 q - a wand of polymorph (10/24)
 D - a wand of iceblast (10/15)
 I - a wand of acid (6/15)
 K - a wand of enslavement (16/24)
 Q - a wand of paralysis (17/24)
 S - a wand of acid (3/15)
 T - a wand of digging (6/24)
 V - a wand of confusion (34/48)
Scrolls
 n - a scroll of remove curse
 w - 2 scrolls of magic mapping
 L - 2 scrolls of blinking
 M - a scroll of immolation
 U - 2 scrolls of fear
 W - a scroll of fog
Potions
 h - 5 potions of lignification
 i - 2 potions of curing
 m - a potion of resistance
 o - 3 potions of cancellation
 s - a potion of might
 z - 2 potions of ambrosia
 E - 3 potions of haste
 J - a potion of mutation
 P - a potion of magic
 R - a potion of brilliance
Books
 p - a manual of Ice Magic
Miscellaneous
 b - a disc of storms
 u - 2 phantom mirrors
Comestibles
 f - 12 bread rations
 k - 13 meat rations
 x - 5 slices of pizza


   Skills:
 + Level 14.5 Fighting
 - Level 7.4(12.3) Short Blades
 - Level 13.0(17.0) Long Blades
 - Level 8.5 Throwing
 - Level 11.6(16.4) Armour
 + Level 12.7 Dodging
 - Level 8.3 Stealth
 - Level 8.7(11.3) Shields
 + Level 7.1 Evocations


You had 16 spell levels left.
You didn't know any spells.

Dungeon Overview and Level Annotations

Branches:
Dungeon (13/15)            Temple (1/1) D:4            Lair (3/6) D:9
 Shoals (4/4) Lair:3        Snake (0/4) Lair:3          Orc (2/2) D:12
    Elf (0/3) Orc:2
 Vaults: D:13-14

Altars:
Ashenzari
Cheibriados
Dithmenos
Elyvilon
Fedhas
Gozag
Hepliaklqana
Kikubaaqudgha
Makhleb
Nemelex Xobeh
Okawaru
Qazlal
Ru
Sif Muna
Trog
Uskayaw
Vehumet
Xom
Yredelemnul
Zin
The Shining One

Shops:
D:11 }   Orc:2 (%:[


Innate Abilities, Weirdness & Mutations

You are small and have problems with some larger weapons.
You are somewhat resistant to further mutation.


Message History

* * * LOW HITPOINT WARNING * * *
You hit the ufetubus.
The ufetubus is heavily wounded.
The ufetubus hits you but does no damage.
The ufetubus completely misses you.
You barely miss the ufetubus.
The ufetubus is heavily wounded.
You block the ufetubus's attack. x2; You block the daeva's attack.
The daeva hits you but does no damage.
You slice the ufetubus!!
You kill the ufetubus!
You slash the ufetubus!
You kill the ufetubus!
The daeva calls down the wrath of the Shining One upon you.
The Shining One smites you!
* * * LOW HITPOINT WARNING * * *
You feel better.
The daeva calls down the wrath of the Shining One upon you.
The Shining One smites you!
You die...

, * , , **
,,,, , ,*
**, * ,,,, *
* *,* ,** ,*
, , , ,,, *
, * , , , *
,, , * , , *
*,,* , * , *
*, { *, , *
*, , * * * ,
# # ., , , ,
,* ,,
#####..#. .
,, , , ,, ,
* #.@35§.#
..# , * * *
,#A##....#..
, * * ,* ,
###{{
.$#...#* , *
, ,# #
#...#..# . *
,* , ≈ { ♣≈.
.###, .A., ≈
≈≈≈≈≈{ .. .#
, # , ≈
≈≈≈≈# ###
..#, # ..#
** , ,, *#
..# #..# #.
*,** * #
*.A##. . # *


You could see a daeva, a ynoxinul and an ufetubus.

Vanquished Creatures
  3 tentacled starspawn (Abyss:3)
  Gastronok (Lair:1)
  Ilsuiw (Shoals:4)
  A war gargoyle (D:10)
  4 merfolk javelineers
  An ettin (Orc:1)
  8 merfolk impalers
  Erolcha (D:9)
  Harold (D:10)
  Fannar (Lair:1)
  2 hydras (Lair:2)
  5 ice dragons
  5 merfolk aquamancers (Shoals:4)
  A satyr (Shoals:4)
  Erica (D:9)
  A centaur warrior (D:13)
  2 alligator snapping turtles (Shoals:1)
  2 merfolk avatars
  3 ogre magi
  Urug (Lair:2)
  An orc high priest (Orc:1)
  12 sea snakes
  2 deep trolls (Orc:1)
  A flayed ghost (Abyss:3)
  6 hill giants
  2 unseen horrors
  6 harpies
  An orc sorcerer (Orc:1)
  An ugly thing (D:11)
  10 fauns
  A worldbinder (Abyss:3)
  12 manticores
  4 cyclopes
  Joseph (Lair:1)
  A centaur zombie (D:13)
  8 water nymphs
  2 ice statues (IceCv)
  9 sirens
  4 gargoyles
  A guardian serpent (Lair:3)
  5 spiny frogs
  2 smoke demons (Abyss:3)
  A centaur skeleton (D:13)
  An apocalypse crab (Abyss:3)
  6 komodo dragons
  A kobold demonologist (D:9)
  6 rime drakes
  2 ancient zymes (Abyss:3)
  10 trolls
  6 wind drakes
  4 polar bears (D:11)
  Prince Ribbit (D:7)
  30 merfolk
  15 two-headed ogres
  9 hippogriffs
  5 snapping turtles
  6 dream sheep
  A shadow (D:11)
  The ghost of Amnesiac the Covert, an amateur DEAs (D:4)
  The ghost of Amnesiac the Sneak, an amateur DEAs (D:5)
  Sigmund (D:3)
  The ghost of Xiguana the Magician, an amateur DEFE (D:3)
  29 yaks
  A vampire (D:12)
  A wyvern (D:10)
  A ynoxinul (Abyss:3)
  5 water elementals
  4 wraiths (D:12)
  A hungry ghost (Shoals:3)
  A chaos spawn (Abyss:3)
  3 large abominations (Abyss:3)
  2 steam dragons
  A mottled dragon (D:13)
  6 vampire mosquitoes (D:12)
  A basilisk (Lair:3)
  5 wargs
  7 water moccasins
  7 porcupines
  21 orc warriors
  A hornet zombie (D:9)
  3 black bears
  3 sky beasts
  35 ice beasts
  2 wolves (D:11)
  3 phantoms
  34 ogres
  2 centaurs
  18 crocodiles
  20 big kobolds
  12 bullfrogs
  A water moccasin skeleton (D:10)
  6 scorpions
  A wyvern skeleton (D:11)
  4 killer bees (D:11)
  11 wights
  6 howler monkeys
  7 crimson imps
  2 bullfrog zombies
  2 quasits
  3 hounds
  18 orc priests
  4 jellies
  18 orc wizards
  Crazy Yiuf (D:5)
  8 iguanas
  An iron imp (Abyss:3)
  Jessica (D:3)
  7 worker ants
  A killer bee zombie (D:9)
  An ogre zombie (D:10)
  A hound zombie (D:5)
  A worker ant zombie (D:10)
  Robin (D:3)
  10 gnolls
  16 adders
  A river rat (D:9)
  7 shadow imps
  An ooze (D:6)
  4 worms
  2 dart slugs
  19 leopard geckos
  68 orcs
  3 giant cockroaches
  15 goblins
  6 hobgoblins
  6 jackals
  6 quokkas
  16 bats
  10 frilled lizards
  A jackal zombie (D:5)
  21 kobolds
  2 leopard gecko skeletons
  7 rats
  4 starspawn tentacles (Abyss:3)
805 creatures vanquished.

Vanquished Creatures (others)
  An orc warlord (Orc:1)
  7 merfolk javelineers
  A satyr (Shoals:2)
  A water nymph (Shoals:4)
  A merfolk (Shoals:4)
  2 centaurs
  2 orcs (Orc:2)
  10 fungi
  5 plants
  7 starspawn tentacles (Abyss:3)
37 creatures vanquished.

Grand Total: 842 creatures vanquished

Notes
Turn   | Place    | Note
-------+----------+-------------------------------------------
     0 | D:1      | Ijustatesigmund the Halfling Fighter began the quest for the Orb.
     0 | D:1      | Reached XP level 1. HP: 15/15 MP: 1/1
   196 | D:1      | Reached XP level 2. HP: 18/20 MP: 2/2
   236 | D:1      | Reached skill level 3 in Fighting
   693 | D:2      | Reached skill level 1 in Dodging
   693 | D:2      | Reached XP level 3. HP: 17/26 MP: 3/3
   882 | D:2      | Reached XP level 4. HP: 27/31 MP: 4/4
  1238 | D:2      | Reached XP level 5. HP: 26/36 MP: 5/5
  1534 | D:3      | Noticed Xiguana's ghost (amateur DEFE)
  1554 | D:3      | Killed Xiguana's ghost
  1554 | D:3      | Reached skill level 4 in Fighting
  1554 | D:3      | Reached XP level 6. HP: 28/43 MP: 6/6
  1788 | D:3      | Noticed Jessica
  1818 | D:3      | Killed Jessica
  1853 | D:3      | Noticed Sigmund
  1864 | D:3      | Killed Sigmund
  1864 | D:3      | Reached skill level 5 in Short Blades
  1864 | D:3      | Reached XP level 7. HP: 32/49 MP: 7/7
  1997 | D:3      | Noticed Robin
  2011 | D:3      | Killed Robin
  2405 | D:4      | Noticed Amnesiac's ghost (amateur DEAs)
  2428 | D:4      | Killed Amnesiac's ghost
  2428 | D:4      | Reached skill level 5 in Fighting
  2462 | D:4      | Reached XP level 8. HP: 55/55 MP: 8/8
  2631 | D:4      | Found a shimmering altar of Xom.
  2725 | D:4      | Found a staircase to the Ecumenical Temple.
  2732 | Temple   | Entered the Ecumenical Temple
  2925 | Temple   | Became a worshipper of Ashenzari the Shackled
  3034 | D:4      | Reached skill level 1 in Stealth
  3695 | D:5      | Entered Level 5 of the Dungeon
  3757 | D:5      | Noticed Amnesiac's ghost (amateur DEAs)
  4044 | D:5      | Killed Amnesiac's ghost
  4390 | D:6      | Reached XP level 9. HP: 47/61 MP: 9/9
  4500 | D:5      | Reached skill level 5 in Stealth
  5040 | D:5      | Found a runed door.
  5044 | D:5      | Noticed Crazy Yiuf
  5048 | D:5      | Killed Crazy Yiuf
  5483 | D:6      | Reached * piety under Ashenzari
  5661 | D:6      | Found a snail-covered altar of Cheibriados.
  5661 | D:6      | Found a shadowy altar of Dithmenos.
  5667 | D:6      | Found a stormy altar of Qazlal.
  5933 | D:7      | Reached skill level 6 in Fighting
  6116 | D:7      | Found a radiant altar of Vehumet.
  6314 | D:7      | Reached skill level 10 in Short Blades
  6361 | D:7      | Noticed Prince Ribbit
  6380 | D:7      | Killed Prince Ribbit
  6380 | D:7      | Reached XP level 10. HP: 61/69 MP: 10/10
  6639 | D:8      | Reached skill level 7 in Fighting
  6800 | D:8      | Reached skill level 1 in Long Blades
  6883 | D:8      | Got the mace of Cataclysm {crush, +Blink rN+ MP-9 Dex+7}
  6884 | D:8      | Identified the +8 mace of Cataclysm {crush, +Blink rN+ MP-9 Dex+7} (You took it off a crimson imp on level 8 of the Dungeon)
  7015 | D:8      | Reached skill level 5 in Long Blades
  7152 | D:9      | Noticed Erica
  7167 | D:9      | Killed Erica
  7285 | D:9      | Noticed Erolcha
  7287 | D:9      | Found a staircase to the Lair.
  7295 | D:9      | Paralysed by Erolcha for 5 turns
  7300 | D:9      | Killed Erolcha
  7300 | D:9      | Reached skill level 5 in Dodging
  7300 | D:9      | Reached XP level 11. HP: 54/75 MP: 11/11
  7319 | D:9      | Reached skill level 5 in Shields
  7357 | D:9      | Reached skill level 5 in Armour
  7537 | D:9      | Noticed a sixfirhy
  7852 | D:10     | Entered Level 10 of the Dungeon
  7852 | D:10     | Reached ** piety under Ashenzari
  7852 | D:10     | Noticed Harold
  7871 | D:10     | Killed Harold
  7938 | D:10     | Reached skill level 1 in Throwing
  8049 | D:10     | Noticed a hill giant
  8062 | D:10     | Killed a hill giant
  8244 | D:10     | Noticed a hill giant
  8254 | D:10     | Killed a hill giant
  8317 | D:10     | Reached skill level 5 in Throwing
  8321 | D:10     | Reached XP level 12. HP: 58/81 MP: 12/12
  8509 | D:10     | Noticed an ogre mage
  8529 | D:10     | Killed an ogre mage
  8797 | D:11     | Noticed an ice dragon
  8799 | D:11     | Found a frozen archway.
  8812 | D:11     | Killed an ice dragon
  8888 | IceCv    | Entered an ice cave
  8936 | IceCv    | Reached skill level 8 in Fighting
  9158 | IceCv    | Reached XP level 13. HP: 89/89 MP: 13/13
  9246 | IceCv    | Noticed an ice dragon
  9248 | IceCv    | Noticed an ice dragon
  9283 | IceCv    | Killed an ice dragon
  9425 | IceCv    | Killed an ice dragon
  9713 | D:11     | Reached skill level 9 in Fighting
  9891 | D:11     | Got the uncursed ring mail "Nyv Fakkius" {+Inv rC- Regen+ Dex+3}
  9902 | D:11     | Identified the +1 ring mail "Nyv Fakkius" {+Inv rC- Regen+ Dex+3} (You found it on level 11 of the Dungeon)
 10094 | D:11     | Reached skill level 10 in Dodging
 10438 | D:11     | Found Xyru Kikh's Gadget Shoppe.
 10897 | D:12     | Reached skill level 10 in Fighting
 11429 | D:12     | Found a staircase to the Orcish Mines.
 11442 | D:12     | Identified the amulet of Circularity {Reflect rElec MP-9 Str+5 Int+4 SH+6}
 11761 | D:13     | Noticed an ice dragon
 11767 | D:13     | Noticed an ice dragon
 11777 | D:13     | Killed an ice dragon
 11816 | D:13     | Killed an ice dragon
 11844 | D:13     | Reached XP level 14. HP: 40/99 MP: 14/14
 11910 | D:13     | Reached *** piety under Ashenzari
 12430 | D:10     | Noticed a war gargoyle
 12474 | D:10     | Killed a war gargoyle
 12920 | Orc:1    | Entered Level 1 of the Orcish Mines
 13176 | Orc:1    | Found a shimmering altar of Xom.
 13508 | Orc:2    | Entered Level 2 of the Orcish Mines
 13686 | Orc:1    | Reached skill level 11 in Fighting
 14237 | Orc:1    | Paralysed by an ogre mage for 6 turns
 14247 | Orc:1    | Paralysed by an ogre mage for 3 turns
 14301 | Orc:1    | Reached skill level 10 in Armour
 14648 | Orc:2    | Found Iphyhei's Antique Weapon Boutique.
 14657 | Orc:2    | Found Oxeqor's Food Shoppe.
 14665 | Orc:2    | Found a staircase to the Elven Halls.
 14666 | Orc:2    | Found Esampewk's Book Shop.
 14667 | Orc:2    | Found Tioc's Armour Shop.
 15051 | Orc:2    | Bought the +3 warlock's mirror {reflect} for 427 gold pieces
 15051 | Orc:2    | Bought the +27 Lear's hauberk for 1951 gold pieces
 15115 | Orc:1    | Noticed an orc warlord
 15157 | Orc:1    | Killed an orc warlord
 15398 | Lair:1   | Entered Level 1 of the Lair of Beasts
 15398 | Lair:1   | Noticed Fannar
 15398 | Lair:1   | Noticed Joseph
 15409 | Lair:1   | Killed Joseph
 15409 | Lair:1   | Reached XP level 15. HP: 108/108 MP: 6/15
 15462 | Lair:1   | Killed Fannar
 15538 | Lair:1   | Reached **** piety under Ashenzari
 15907 | Lair:1   | Noticed Gastronok
 15932 | Lair:1   | Killed Gastronok
 15932 | Lair:1   | Reached skill level 12 in Fighting
 16331 | Lair:2   | Noticed Urug
 16344 | Lair:2   | Killed Urug
 16926 | Lair:2   | Reached skill level 10 in Long Blades
 17078 | Lair:2   | Reached skill level 1 in Evocations
 17245 | Lair:3   | Found a staircase to the Snake Pit.
 17377 | Lair:3   | Reached ***** piety under Ashenzari
 17434 | Lair:3   | Found a staircase to the Shoals.
 18223 | Shoals:1 | Entered Level 1 of the Shoals
 18302 | Shoals:1 | HP: 2/108 [drowned by a drowned soul[a merfolk avatar] (16)]
 18706 | Shoals:1 | Identified a scroll of acquirement
 18732 | Shoals:1 | Identified the +3 short sword "Halfling's Curse" {drain, rN+ Int+4 Dex+3}
 20144 | Shoals:2 | Reached XP level 16. HP: 90/116 MP: 10/19
 20181 | Shoals:2 | Reached skill level 13 in Fighting
 22110 | Shoals:4 | Entered Level 4 of the Shoals
 22698 | Shoals:4 | Upgraded the game from 0.19-a0-1861-g35def1e to 0.19-a0-1875-g4fea3da
 22926 | Shoals:4 | Reached skill level 14 in Fighting
 23069 | Shoals:4 | Noticed Ilsuiw
 23098 | Shoals:4 | Killed Ilsuiw
 23098 | Shoals:4 | Reached XP level 17. HP: 125/125 MP: 11/20
 23103 | Shoals:4 | Reached skill level 5 in Evocations
 23682 | Shoals:4 | Identified the cursed +0 leather armour of the Eternal Fruit {rN+ Regen+ rCorr Stlth+} (You took it off a siren on level 4 of the Shoals)
 24088 | Shoals:4 | Cast into level 3 of the Abyss (merfolk impaler)
 24088 | Abyss:3  | Found a corrupted altar of Lugonu.
 24455 | Abyss:3  | Noticed a tentacled starspawn
 24479 | Abyss:3  | Killed a tentacled starspawn
 24490 | Abyss:3  | Noticed a tentacled starspawn
 24498 | Abyss:3  | Noticed a tentacled starspawn
 24503 | Abyss:3  | Killed a tentacled starspawn
 24523 | Abyss:3  | Killed a tentacled starspawn
 24620 | Abyss:3  | Killed from afar by a daeva

Vault maps used:
D:1:      dpeg_arrival_court
D:2:      grunt_ministairs_1, minmay_misc_feat_pillars, hangedman_decor_growths
D:3:      uniq_sigmund, uniq_robin, uniq_jessica
D:4:      first_bread, xom_teletrap_fun
D:5:      uniq_crazy_yiuf_cottage
D:6:      minitemple, serial_corexii_hall, corexii_hall_statues_l,
          corexii_hall_statues_x, corexii_hall_statues_x
D:7:      basic_altar, uniq_prince_ribbit1
D:8:      hangedman_ranch
D:9:      due_lair_maze_entry_diamond, special_room, uniq_erica, uniq_erolcha
D:10:     lemuel_ogre_cave, evilmike_minifort, uniq_harold
D:11:     lemuel_reptile_caves, serial_shops, kennysheep_mini,
          portal_ice_cave_entry_animals_and_master
D:12:     orc_0_dummy, hangedman_abyss_or_decor_passed,
          minmay_guarded_unrand_finisher
D:13:     serial_glass, glass_columns_a, glass_columns_b, glass_columns_a,
          glass_columns_b, glass_columns_c, glass_columns_a, glass_columns_a,
          glass_columns_c, glass_columns_a, glass_columns_b,
          minmay_guarded_unrand_chilly_death, uniq_frances
Temple:   dpeg_five_rooms_temple
Lair:1:   lemuel_fruit_tree, uniq_gastronok, uniq_fannar, uniq_joseph
Lair:2:   uniq_urug
Lair:3:   minmay_shoals_entry_lonely_mermaid, minmay_snake_entry_spellcaster,
          grunt_megastairs_1, infiniplex_staircase_pool, serial_bayou_shore_a
Shoals:1: nicolae_shoals_siren_and_animal_friends
Shoals:3: nicolae_shoals_so_close
Shoals:4: shoals_end_simple, shoals_ilsuiw_ice
Orc:1:    basic_altar
Orc:2:    st_orc_open
Abyss:3:  nicolae_abyss_rune_star_stuff
IceCv:    ice_cave_small_dragons

Skill      XL: |  1  2  3  4  5  6  7  8  9 10 11 12 13 14 15 16 17 |
---------------+----------------------------------------------------+-----
Fighting       | 3 4 5 6 7 8 10 11 12 14 | 14.5
Short Blades   | 3 4 5 7 10 7 |  7.4
Dodging        | 1 2 3 4 5 6 8 10 11 12 | 12.7
Armour         | 4 6 8 10 11 | 11.6
Shields        | 4 7 8 |  8.7
Stealth        | 4 6 8 |  8.3
Long Blades    | 7 9 12 13 | 13.0
Throwing       | 5 8 |  8.5
Evocations     | 4 7 |  7.1

Action                   |  1- 3 |  4- 6 |  7- 9 | 10-12 | 13-15 | 16-18 || total
-------------------------+-------+-------+-------+-------+-------+-------++-------
Melee: Rapier            |    89 |   152 |   544 |    52 |       |       ||   837
       Demon blade       |       |       |       |   621 |  1789 |   889 ||  3299
Throw: Tomahawk          |       |       |       |    17 |    32 |    21 ||    70
Invok: Curse Item        |       |       |       |     1 |     4 |     2 ||     7
       Transfer Knowledg |       |       |       |       |     1 |       ||     1
       Scrying           |       |       |       |       |       |     1 ||     1
 Abil: Stop Flying       |       |       |       |     1 |     4 |       ||     5
       Evoke Flight      |       |       |       |       |     4 |       ||     4
Evoke: Wand              |       |       |       |     4 |     9 |     4 ||    17
       Disc of storms    |       |       |       |       |       |     1 ||     1
  Use: Scroll            |       |     3 |    16 |     7 |    23 |     7 ||    56
       Potion            |       |     1 |     1 |     2 |    10 |     7 ||    21
 Stab: Sleeping          |       |       |     5 |     4 |     4 |       ||    13
       Paralysed         |       |       |       |     9 |       |       ||     9
       Distracted        |       |       |       |       |     1 |     1 ||     2
       Fleeing           |       |       |       |       |     1 |       ||     1
       Invisible         |       |       |       |       |    11 |       ||    11
  Eat: Chunk             |       |     3 |    25 |     6 |    16 |     1 ||    51
       Beef jerky        |       |       |       |     1 |     5 |     1 ||     7
       Fruit             |       |       |       |       |    21 |    10 ||    31
       Pizza             |       |       |       |       |       |     5 ||     5
Armor: Scale mail        |    45 |    61 |   192 |   161 |       |       ||   459
       Ice dragon scales |       |       |       |    47 |   261 |       ||   308
       Ring mail         |       |       |       |       |    34 |       ||    34
       Chain mail        |       |       |       |       |   156 |   203 ||   359
Dodge: Dodged            |    45 |    55 |   173 |   308 |   988 |   362 ||  1931
Block: Shield            |    64 |    95 |   267 |   358 |   962 |       ||  1746
       Reflection        |       |       |       |       |    72 |    86 ||   158
       Buckler           |       |       |       |       |   394 |   583 ||   977
       Rpst.: Demon blade |       |       |       |    77 |   211 |    59 ||   347
